 Dungeon Crawl Stone Soup version 0.29.1-12-g30fa7ad0bf (webtiles) character file.

Game seed: 7288416429490409194

97 booth the Ruffian (level 4, -8/36 HPs)
             Began as a Draconian Transmuter on Jan 10, 2023.
             Mangled by a gnoll
             ... wielding a +0 halberd
              (9 damage)
             ... on level 2 of the Dungeon.
             The game lasted 00:17:06 (2091 turns).

booth the Ruffian (Draconian Transmuter)            Turns: 2091, Time: 00:17:06

Health: -8/36      AC:  6    Str: 12    XL:     4   Next: 42%
Magic:  0/7        EV: 12    Int: 16    God:
Gold:   70         SH:  0    Dex: 11    Spells: 2/8 levels left

rFire   . . .      SeeInvis +   d - +0 dagger
rCold   . . .      Faith    .   (no shield)
rNeg    . . .      Spirit   +   (body armour unavailable)
rPois   .          Reflect  .   (helmet restricted)
rElec   .          Harm     .   (no cloak)
rCorr   +          Rampage  .   (no gloves)
Will    .....                   l - +0 pair of boots
Stlth   +.........              h - amulet of guardian spirit
HPRegen 0.12/turn               f - ring of resist corrosion
MPRegen 0.10/turn               m - ring of see invisible

@: wereblooded
A: AC +5, unfitting armour, cold-blooded
a: no special abilities


You were on level 2 of the Dungeon.
You visited 1 branch of the dungeon, and saw 2 of its levels.

You collected 71 gold pieces.
You donated 1 gold pieces to Zin.

Inventory:

Hand Weapons
 d - a +0 dagger (weapon)
 e - a +0 short sword
Missiles
 b - 6 poisoned darts (quivered)
 c - 26 stones
Armour
 l - a +0 pair of boots (worn)
Jewellery
 f - a ring of resist corrosion (left hand)
 h - an amulet of guardian spirit (around neck)
 m - a ring of see invisible (right hand)
Scrolls
 n - a scroll of teleportation {unknown}
Potions
 a - a potion of lignification
 k - a potion of flight


   Skills:
 + Level 1.7 Fighting
 + Level 0.1 Short Blades
 + Level 2.2 Dodging
 + Level 0.5 Stealth
 + Level 4.0 Unarmed Combat
 + Level 2.5 Spellcasting
 + Level 2.5 Transmutations


You had 2 spell levels left.
You knew the following spells:

 Your Spells              Type           Power      Damage    Failure   Level
a - Beastly Appendage     Tmut           20%        N/A       7%          1
b - Wereblood             Tmut           10%        N/A       11%         2
c - Spider Form           Tmut/Pois      6%         N/A       34%         3

Your spell library contained the following spells:

 Spells                   Type           Power      Damage    Failure   Level
 Ice Form                 Ice/Tmut       6%         N/A       75%         4


Dungeon Overview and Level Annotations

Branches:
Dungeon (2/15)

Altars:
Okawaru
Zin

Shops:
D:1 (

Annotations:
D:2 1 runed translucent door, Crazy Yiuf, Natasha


Innate Abilities, Weirdness & Mutations

Your plain brown scales are hard. (AC +5)
You cannot fit into any form of body armour.
You are cold-blooded and may be slowed by cold attacks.


Message History

The gnoll shoots a sling bullet.
The sling bullet closely misses you.
The gnoll shoots a sling bullet.
The sling bullet hits you.
Your transformation is almost over.
The gnoll shoots a sling bullet.
The sling bullet barely misses you.
Your magical contamination has completely faded away.
Natasha, Servant of Life and Death comes into view.
The gnoll unwields a +0 sling.
The gnoll wields a +0 whip.
The gnoll barely misses you. The gnoll closely misses you.
You closely miss the gnoll.
The gnoll hits you from afar with a +0 halberd!
The gnoll unwields a +0 whip.
The gnoll wields a +0 sling.
The gnoll shoots a sling bullet.
The sling bullet closely misses you.
The gnoll shoots a sling bullet.
The sling bullet misses you.
The gnoll shoots a sling bullet.
The sling bullet closely misses you.
The gnoll unwields a +0 sling.
The gnoll wields a +0 whip.
The gnoll hits you with a +0 whip. The gnoll misses you.
The gnoll hits you from afar with a +0 halberd!
Your horns disappear.
Your talons disappear.
Your +0 pair of boots unmelds from your body.
The gnoll hits you with a +0 whip. The gnoll hits you with a +0 spear.
* * * LOW HITPOINT WARNING * * *
The gnoll hits you with a +0 halberd.
* * * LOW HITPOINT WARNING * * *
You hit the gnoll but do no damage. The gnoll hits you with a +0 whip.
* * * LOW HITPOINT WARNING * * *
The gnoll hits you with a +0 spear.
* * * LOW HITPOINT WARNING * * *
The gnoll barely misses you.
You feel better. The gnoll hits you with a +0 whip!
* * * LOW HITPOINT WARNING * * *
The gnoll barely misses you. x2
As you read the scroll labelled IRAIBR KIEC, it crumbles to dust.
You feel aware of your surroundings.
It was a scroll of magic mapping.
The gnoll misses you. The gnoll barely misses you. The gnoll misses you.
As you read the scroll labelled EGOWNO HILI, it crumbles to dust.
You hear the tinkle of a tiny bell.
It was a scroll of butterflies.
The gnoll hits you with a +0 whip.
* * * LOW HITPOINT WARNING * * *
The gnoll closely misses you. The gnoll hits you with a +0 halberd!
You die...

*#'#* *,..,,*,,,,,**
**,,,***,,,,..,,,,,,*
**,,,,,***#,,#.,,>,,**
**,,,,,,,**#.##.*,,,**
#,,,,,,,,,*#.#..,*,,*
',,,,,,,,,',....,,,,*
#,,,,,,,,,***#bb,****
**,,,,,,,** ###g###
**,,,,,** #.bg@b#
**,,,** #.###g# *#'**
#.# #b# #.# #.###.#
#.# #.....# ##.##
###.### ###...## #.#
#......# #.#
#.#...########.#


You could see 3 gnolls.

Vanquished Creatures
  Natasha (D:2)
  3 adders (D:2)
  A worm (D:2)
  A dart slug (D:2)
  2 ball pythons
  6 endoplasms
  A giant cockroach (D:1)
  5 goblins (D:1)
  5 hobgoblins
  2 quokkas (D:2)
  3 bats
  4 kobolds
  2 rats
36 creatures vanquished.

Notes
Turn   | Place    | Note
-------+----------+-------------------------------------------
     0 | D:1      | booth the Draconian Transmuter began the quest for the Orb.
     0 | D:1      | Reached XP level 1. HP: 16/16 MP: 3/3
     1 | D:1      | Noticed a minotaur zombie
    10 | D:1      | Noticed a demonspawn zombie
    10 | D:1      | Noticed a demonspawn zombie
    13 | D:1      | Noticed a merfolk zombie
    17 | D:1      | Noticed a minotaur zombie
    82 | D:1      | Found a faded altar of an unknown god.
   141 | D:1      | Prayed at the altar of an unknown god.
   141 | D:1      | Became a worshipper of Zin the Law-Giver
   141 | D:1      | Reached * piety under Zin
   160 | D:1      | Fell from the grace of Zin
   188 | D:1      | Found Heqowuj's Antique Weapon Shoppe.
   206 | D:1      | Reached XP level 2. HP: 21/23 MP: 5/5
   831 | D:2      | Reached XP level 3. HP: 26/28 MP: 4/6
   924 | D:2      | Found an iron altar of Okawaru.
  1041 | D:2      | Learned a level 2 spell: Wereblood
  1045 | D:2      | Learned a level 3 spell: Spider Form
  1341 | D:2      | Found a runed translucent door.
  1342 | D:2      | Noticed Crazy Yiuf
  1677 | D:2      | Reached XP level 4. HP: 29/35 MP: 5/7
  1889 | D:2      | Noticed Natasha
  1905 | D:2      | Killed Natasha
  1906 | D:2      | Reached skill level 4 in Unarmed Combat
  2080 | D:2      | Noticed Natasha
  2091 | D:2      | HP: 1/36 [gnoll/+0 whip (2)]
  2091 | D:2      | Mangled by a gnoll

Illustrated notes

Levels and vault maps discovered:
D:1:      shiori_arrival_whats_in_store_for_you, layout_rooms, serial_shops,
          nicolae_shop_crystal, chequers_ecumenical_altar_simple,
          grunt_decor_fettered
D:2:      layout_loops_corners, basic_altar, uniq_crazy_yiuf_cottage,
          uniq_natasha

Skill      XL: |  1  2  3  4 |
---------------+-------------+-----
Dodging        | 2 |  2.2
Unarmed Combat | 4 |  4.0
Fighting       | |  1.7
Short Blades   | |  0.1
Stealth        | |  0.5
Spellcasting   | |  2.5
Transmutations | |  2.5

Action                   |  1- 3 |  4- 6 || total
-------------------------+-------+-------++-------
Melee: Unarmed           |    47 |       ||    47
       Kick              |    16 |     2 ||    18
       Tailslap          |    11 |     1 ||    12
       Dagger            |    65 |    19 ||    84
       Headbutt          |    12 |     3 ||    15
       Punch             |     1 |       ||     1
Throw: Dart              |       |     3 ||     3
 Cast: Beastly Appendage |    13 |     3 ||    16
       Wereblood         |       |     1 ||     1
Invok: Renounce Religion |     1 |       ||     1
  Use: Scroll            |     3 |     2 ||     5
       Potion            |       |     1 ||     1
Armor: Skin              |    34 |     2 ||    36
Dodge: Dodged            |    66 |    28 ||    94
